 Dungeon Crawl Stone Soup version 0.28-a0-1412-gf95308ed99 (webtiles) character file.

Game seed: 17027715180566042876

10892 DavidChitty2 the Fighter (level 12, -21/94 HPs)
             Began as a Djinni Fire Elementalist on Dec 29, 2021.
             Was an Initiate of Gozag.
             Killed from afar by a storm dragon (shapeshifter) (28 damage)
             ... with a bolt of lightning
             ... on level 9 of the Dungeon on Jan 6, 2022.
             The game lasted 00:26:35 (14358 turns).

DavidChitty2 the Fighter (DjFE)                    Turns: 14358, Time: 00:26:35

Health: -21/94     AC:  9    Str:  9    XL:     12   Next: 0%
Gold:   861        EV: 21    Int: 18    God:    Gozag SH:  6 Dex: 25

rFire   + + .      SeeInvis .   a - +1 dagger (drain)
rCold   x . .      Faith    .   n - +0 buckler
rNeg    . . .      Spirit   .   w - +2 robe {Archmagi}
rPois   ∞          Reflect  .   (no helmet)
rElec   .          Harm     .   (no cloak)
rCorr   .          Rampage  .   e - +0 pair of gloves
Will    +....      Archmagi +   (boots unavailable)
Stlth   ++........              (no amulet)
HPRegen 0.25/turn               j - ring "Cagimed" {Drain MP+9 AC+4 Dex+9 Slay+2}
MPRegen 0.00/turn               v - ring of wizardry

@: flying
A: sickness immunity, fire resistance 2, cold vulnerability 1, float, innate
caster, hp casting, extra vitality 1
a: Renounce Religion, Potion Petition, Call Merchant, Bribe Branch


You were on level 9 of the Dungeon.
You worshipped Gozag.
Gozag was pleased with you.
You visited 2 branches of the dungeon, and saw 10 of its levels.

You collected 1282 gold pieces.
You spent 156 gold pieces at shops.
You paid 265 gold pieces to Gozag.

Inventory:

Hand Weapons
 a - a +1 dagger of draining (weapon)
   (You took it off a goblin on level 2 of the Dungeon)
Missiles
 m - 2 throwing nets {!f}
 p - 3 curare-tipped darts {!f}
Armour
 e - a +0 pair of gloves (worn)
   (You found it on level 6 of the Dungeon)
 n - a +0 buckler (worn)
   (You found it on level 1 of the Dungeon)
 w - a +2 robe of the Archmagi (worn)
   (You found it on level 5 of the Dungeon)
Jewellery
 j - the ring "Cagimed" (left hand) {Drain MP+9 AC+4 Dex+9 Slay+2}
   (You took it off a goblin on level 2 of the Dungeon)

   [ring of protection]

   AC:        It affects your AC (+4).
   Dex:       It affects your dexterity (+9).
   Slay:      It affects your accuracy & damage with ranged weapons and melee
   (+2).
   MP:        It affects your magic capacity (+9).
   Drain:     It drains your maximum health when unequipped.
 v - a ring of wizardry (right hand)
   (You found it on level 5 of the Dungeon)
Wands
 d - a wand of iceblast (13)
   (You found it on level 7 of the Dungeon)
 f - a wand of polymorph (7)
   (You found it on level 9 of the Dungeon)
 t - a wand of flame (18)
   (You found it on level 6 of the Dungeon)
 x - a wand of acid (1)
   (You found it on level 8 of the Dungeon)
 y - a wand of charming (8)
   (You found it on level 8 of the Dungeon)
Scrolls
 c - a scroll of enchant weapon
 h - 2 scrolls of fear
 k - 2 scrolls of teleportation {@r4}
 o - a scroll of identify {@r1}
Potions
 b - 10 potions of curing {unknown}
 g - 2 potions of berserk rage
 i - 3 potions of brilliance
 l - a potion of haste {@q3}
 q - a potion of heal wounds {@q2}
 r - 2 potions of mutation {unknown}
 s - 2 potions of invisibility
 z - a potion of attraction {unknown}


   Skills:
 + Level 11.3 Fighting
 - Level 4.0 Armour
 + Level 10.7 Dodging
 - Level 1.5 Stealth
 - Level 4.0 Shields
 * Level 7.1 Spellcasting


You couldn't memorise any spells.
You knew the following spells:

 Your Spells              Type           Power      Damage    Failure   Level
a - Foxfire               Conj/Fire      100%       2x1d9     1%          1
b - Scorch                Fire           96%        2d9       1%          2
c - Inner Flame           Hex/Fire       48%        N/A       1%          3
d - Conjure Flame         Conj/Fire      48%        6-21      1%          3
e - Flame Wave            Conj/Fire      48%        2d8       2%          4
f - Magic Dart            Conj           100%       1d8       1%          1
g - Teleport Other        Tloc           48%        N/A       1%          3
h - Cause Fear            Hex            24%        N/A       2%          4
x - Poisonous Vapours     Pois/Air       96%        N/A       1%          2
z - Summon Lightning Spi  Summ/Air       48%        N/A       2%          4
Your spell library was empty.

Dungeon Overview and Level Annotations

Branches:
Dungeon (9/15)             Temple (1/1) D:5            Lair (0/6) D:8
    Orc: D:9-12

Altars:
Ashenzari
Cheibriados
Dithmenos
Elyvilon
Fedhas
Gozag
Hepliaklqana
Kikubaaqudgha
Makhleb
Nemelex Xobeh
Okawaru
Qazlal
Ru
Sif Muna
Trog
Uskayaw
Vehumet
Wu Jian
Xom
Yredelemnul
The Shining One

Shops:
D:4 *   D:5 !

Annotations:
D:5 2 runed translucent doors, p0werm0de's ghost, novice MiCK
D:7 3 runed translucent doors, EtherCrawl's ghost, novice TrWr


Innate Abilities, Weirdness & Mutations

You are immune to sickness and miasma.
You are immune to poison.
Your flesh is very heat resistant. (rF++)
You are vulnerable to cold. (rC-)
You float through the air rather than walking.
You learn spells naturally, not from books.
Your magical power is your life essence.
You have superior vitality. (+4 MHP)


Message History

The entropy weaver hits you but does no damage.
The entropy weaver completely misses you.
Your lightning spire shoots out a bolt of lightning at the entropy weaver!
The bolt of electricity hits the entropy weaver!
You feel a surge of power!
You conjure some foxfire!
Your lightning spire disappears in a puff of smoke!
The foxfire hits the entropy weaver.
The entropy weaver shouts!
The entropy weaver misses you. You block the entropy weaver's attack.
The entropy weaver hits you but does no damage.
The entropy weaver hits you.
You feel a surge of power!
You conjure some foxfire!
The foxfire hits the entropy weaver.
The entropy weaver hits you!
* * * LOW HITPOINT WARNING * * *
The entropy weaver hits you but does no damage.
The entropy weaver completely misses you.
The entropy weaver closely misses you.
You feel a surge of power!
An electric hum fills the air.
* * * LOW HITPOINT WARNING * * *
The foxfire hits the entropy weaver but does no damage.
The entropy weaver hits you.
* * * LOW HITPOINT WARNING * * *
The entropy weaver hits you!
* * * LOW HITPOINT WARNING * * *
The entropy weaver hits you.
* * * LOW HITPOINT WARNING * * *
The entropy weaver hits you!
* * * LOW HITPOINT WARNING * * *
You feel a surge of power!
You conjure some foxfire!
* * * LOW HITPOINT WARNING * * *
The entropy weaver changes into a storm dragon!
You feel a surge of power!
You conjure some foxfire!
* * * LOW HITPOINT WARNING * * *
The foxfire hits the storm dragon but does no damage.
The storm dragon completely misses you. You block the storm dragon's attack. x2
You feel a surge of power!
You conjure some foxfire!
* * * LOW HITPOINT WARNING * * *
The storm dragon breathes lightning at you.
The bolt of lightning misses you.
The bolt of lightning hits your foxfire!
You hear a shout!
The foxfire hits the storm dragon but does no damage.
The storm dragon completely misses you. The storm dragon misses you.
The storm dragon tramples you!
* * * LOW HITPOINT WARNING * * *
You hold your ground!
The storm dragon breathes lightning at you.
The bolt of lightning hits you!!
You die...
Your body crumbles into a pile of gold.

.... .$. #$# ♣♣$♣♣
#♣..(♣# #.....# #
#♣.D8♣# . $ ♣♣.♣♣
#.# ♣@♣
♣♣♣♣♣.♣♣♣♣♣♣♣ ♣♣.♣♣
.....♣......♣ ♣...♣
≈...###...≈.♣ ♣♣.♣♣
....#}#.....♣ ♣...♣
....#.#.....♣ ♣♣.♣♣
............♣#♣...♣#
###.(...###.♣♣.≈≈).#
#:...≈....#♣...≈≈≈.#


You could see a storm dragon shaped shifter (catching breath, ally target) and a
friendly lightning spire (summoned).

Vanquished Creatures
  2 hydras (D:9)
  A deep elf knight (D:9)
  A wolf spider (D:9)
  Joseph (D:9)
  A freezing wraith (D:9)
  A vampire (D:9)
  3 yaks
  A wyvern (D:9)
  2 steam dragons
  Menkaure (D:6)
  A water moccasin (D:7)
  A hornet zombie (D:8)
  2 sky beasts
  A black bear (D:5)
  2 necrophages (D:4)
  2 ogres
  A centaur (D:9)
  A phantom (D:5)
  3 kobold brigands
  5 bullfrogs
  A water moccasin zombie (D:6)
  3 scorpions
  3 killer bees (D:9)
  3 nameless horrors
  3 howler monkeys
  3 electric eels (D:7)
  3 bullfrog zombies
  3 centaur zombies
  3 orc priests
  3 jellies
  A bullfrog skeleton (D:4)
  A gnoll shaman (D:7)
  Jessica (D:2)
  Terence (D:2)
  3 iguanas (D:5)
  6 orc wizards
  A scorpion zombie (D:5)
  7 gnolls
  5 adders
  A shadow imp (D:8)
  An ufetubus (D:4)
  An adder skeleton (D:4)
  2 worms
  12 orcs
  11 ball pythons
  6 bats
  9 endoplasms
  4 giant cockroaches (D:3)
  4 goblins
  10 hobgoblins
  18 kobolds
  5 quokkas
  3 frilled lizards
  A quokka skeleton (D:2)
  2 rats
177 creatures vanquished.

Vanquished Creatures (collateral kills)
  A fire crab (shapeshifter) (D:9)
  A death drake (shapeshifter) (D:9)
  A deep elf pyromancer (D:9)
  A cyclops (D:9)
  A tengu conjurer (D:9)
  A slime creature (D:9)
  A wyvern (D:9)
  A wraith (D:9)
  A yak (D:9)
  2 acid dragons (D:9)
  A water moccasin (D:7)
  2 orc warriors (D:9)
  An ice beast (D:7)
  2 centaurs
  An ogre (D:6)
  A kobold brigand (D:9)
  A gnoll sergeant (D:9)
  2 bullfrogs
  A wyvern skeleton (D:6)
  A killer bee (D:9)
  2 howler monkeys
  A centaur zombie (D:9)
  A hound (D:7)
  An orc wizard (D:6)
  6 howler monkey zombies
  7 orcs
  2 kobolds (D:6)
  A foxfire (D:7)
45 creatures vanquished.

Vanquished Creatures (others)
  1036 foxfires
  51 plants
1087 creatures vanquished.

Grand Total: 1309 creatures vanquished

Notes
Turn   | Place    | Note
-------+----------+-------------------------------------------
     0 | D:1      | DavidChitty2 the Djinni Fire Elementalist began the quest
                  | for the Orb.
     0 | D:1      | Reached XP level 1. HP: 15/15 MP: 0/0
   306 | D:1      | Reached XP level 2. HP: 18/22 MP: 0/0
  1186 | D:1      | Reached skill level 1 in Fighting
  1186 | D:1      | Reached XP level 3. HP: 22/27 MP: 0/0
  1186 | D:1      | Learned a level 1 spell: Magic Dart
  1442 | D:1      | Found a faded altar of an unknown god.
  2126 | D:2      | Found a basalt altar of Yredelemnul.
  2144 | D:2      | Noticed Jessica
  2148 | D:2      | Killed Jessica
  2149 | D:2      | Reached skill level 1 in Shields
  2149 | D:2      | Reached XP level 4. HP: 27/32 MP: 0/0
  2290 | D:2      | Identified the ring "Cagimed" {Drain MP+9 AC+4 Dex+9
                  | Slay+2}
  2298 | D:2      | Reached XP level 5. HP: 16/38 MP: 0/0
  2298 | D:2      | Learned a level 2 spell: Poisonous Vapours
  2526 | D:2      | Noticed Terence
  2533 | D:2      | Killed Terence
  3135 | D:2      | Reached skill level 2 in Fighting
  3551 | D:3      | You are sucked into a shaft and drop 3 floors!
  3558 | D:6      | Reached XP level 6. HP: 37/44 MP: 0/0
  3609 | D:6      | Noticed a steam dragon
  3615 | D:6      | Killed a steam dragon
  3616 | D:6      | Reached skill level 3 in Fighting
  3757 | D:6      | Noticed Menkaure
  3758 | D:6      | Reached XP level 7. HP: 45/50 MP: 0/0
  3758 | D:6      | Learned a level 3 spell: Teleport Other
  3765 | D:6      | Killed Menkaure
  4071 | D:6      | Reached skill level 4 in Fighting
  4071 | D:6      | Reached skill level 5 in Dodging
  4429 | D:6      | Reached XP level 8. HP: 54/58 MP: 0/0
  4439 | D:6      | Reached skill level 5 in Fighting
  4595 | D:6      | Found a hazy altar of Hepliaklqana.
  4645 | D:5      | Entered Level 5 of the Dungeon
  4827 | D:4      | Reached skill level 6 in Fighting
  6212 | D:4      | Found Paeferph's Assorted Antiques.
  6461 | D:5      | Reached skill level 7 in Fighting
  6485 | D:5      | Found Zecir's Distillery.
  6493 | D:5      | Bought a potion of invisibility for 96 gold pieces
  6493 | D:5      | Bought a potion of heal wounds for 60 gold pieces
  6510 | D:5      | Noticed a water elemental
  6524 | D:5      | Noticed an air elemental
  6525 | D:5      | Found a stormy altar of Qazlal.
  6526 | D:5      | Noticed a fire elemental
  6579 | D:5      | Reached XP level 9. HP: 60/68 MP: 0/0
  6579 | D:5      | Learned a level 4 spell: Summon Lightning Spire
  6918 | D:5      | Found a staircase to the Ecumenical Temple.
  6938 | D:5      | Reached skill level 1 in Armour
  7093 | Temple   | Entered the Ecumenical Temple
  7236 | D:5      | Reached skill level 8 in Fighting
  7506 | D:5      | Found a runed translucent door.
  7507 | D:5      | Noticed p0werm0de's ghost (novice MiCK)
  7589 | D:5      | Found a runed translucent door.
  7806 | Temple   | Became a worshipper of Gozag Ym Sagoz the Greedy
  7981 | D:6      | Found an ornate altar of the Wu Jian Council.
  9134 | D:7      | Reached skill level 9 in Fighting
  9448 | D:7      | Found a runed translucent gate.
  9449 | D:7      | Found a runed translucent gate.
  9450 | D:7      | Found a runed translucent gate.
  9450 | D:7      | Noticed EtherCrawl's ghost (novice TrWr)
  9450 | D:7      | Noticed a kobold demonologist
  9789 | D:7      | Reached XP level 10. HP: 62/78 MP: 0/0
 10964 | D:8      | Found a staircase to the Lair.
 11756 | D:9      | Noticed Joseph
 11765 | D:9      | Killed Joseph
 12193 | D:9      | Reached skill level 10 in Fighting
 12207 | D:9      | HP: 3/80 [yak (3)]
 12497 | D:9      | Noticed a seven-headed hydra
 12503 | D:9      | Killed a seven-headed hydra
 12578 | D:9      | Noticed a five-headed hydra
 12590 | D:9      | Killed a five-headed hydra
 12591 | D:9      | Reached skill level 5 in Spellcasting
 12591 | D:9      | Reached XP level 11. HP: 20/86 MP: 0/0
 12591 | D:9      | Learned a level 4 spell: Cause Fear
 12970 | D:8      | Upgraded the game from 0.28-a0-1347-g113dc556a4 to
                  | 0.28-a0-1412-gf95308ed99
 13036 | D:9      | Noticed a wolf spider
 13036 | D:9      | Noticed a deep elf knight
 13052 | D:9      | Killed a wolf spider
 13080 | D:9      | Killed a deep elf knight
 13081 | D:9      | Reached skill level 10 in Dodging
 13347 | D:9      | Noticed a fire crab
 13347 | D:9      | a troll changed into a fire crab
 13356 | D:9      | Killed a fire crab
 13357 | D:9      | Reached skill level 11 in Fighting
 13783 | D:9      | Noticed a death drake
 13810 | D:9      | Killed a death drake
 14009 | D:9      | Noticed a cyclops
 14013 | D:9      | Noticed a deep elf pyromancer
 14019 | D:9      | Killed a cyclops
 14042 | D:9      | Killed a deep elf pyromancer
 14043 | D:9      | Reached XP level 12. HP: 45/94 MP: 0/0
 14338 | D:9      | Noticed an entropy weaver
 14354 | D:9      | Noticed a storm dragon
 14354 | D:9      | an entropy weaver changed into a storm dragon
 14358 | D:9      | Killed from afar by a storm dragon (shapeshifter)

Illustrated notes

Levels and vault maps discovered:
D:1:      dpeg_arrival_round_b, layout_rooms,
          hellmonk_ecumenical_altar_pennies_from_heaven, minmay_misc_feat_roman
D:2:      layout_basic, basic_altar, corexii_hall_statues_l,
          minmay_tetromino_t4, uniq_terence, uniq_jessica
D:3:      layout_loops_ring
D:4:      layout_gridville, serial_shops, shop
D:5:      layout_loops_cross, nicolae_qazlal_style_of_elements,
          minmay_temple_entry_mini_moons, serial_shops, nicolae_shop_waterfront,
          ebering_ghost_sewer_f
D:6:      layout_basic, mainiacjoe_overflow_catwalk,
          mainiacjoe_overflow_concentric_impassable, serial_curves,
          eino_curves_04, eino_curves_03, uniq_menkaure
D:7:      layout_loops_corners, gammafunk_ghost_nasty_kobolds,
          chequers_big_river
D:8:      layout_basic, lair_entry_dummy
D:9:      nzn_winding_woodlands_large [nzn_winding_woodlands_5x5_cross,
          nzn_winding_woodlands_5x15_lazy_stream,
          nzn_winding_woodlands_5x5_three,
          nzn_winding_woodlands_center_pierced_h,
          nzn_winding_woodlands_15x15_five_gardens,
          nzn_winding_woodlands_center_lodge,
          nzn_winding_woodlands_5x5_perimeter, nzn_winding_woodlands_5x15_pool,
          nzn_winding_woodlands_5x5_default], layout_loops_cross,
          enter_bailey_2, uniq_joseph
Temple:   nicolae_temple_no_exploring_needed

Skill      XL: |  1  2  3  4  5  6  7  8  9 10 11 |
---------------+----------------------------------+-----
Dodging        | 3 4 5 6 8 9 10 | 10.7
Fighting       | 1 2 3 4 7 9 10 11 | 11.3
Shields        | 1 2 3 4 |  4.0
Armour         | 3 4 |  4.0
Spellcasting   | 5 7 |  7.1
Stealth        | |  1.5

Action                   |  1- 3 |  4- 6 |  7- 9 | 10-12 || total
-------------------------+-------+-------+-------+-------++-------
Melee: Dagger            |       |     3 |     1 |    12 ||    16
 Cast: Foxfire           |   100 |    66 |   309 |   179 ||   654
       Scorch            |     1 |    18 |    62 |    46 ||   127
       Summon Lightning  |       |       |    17 |    40 ||    57
       Flame Wave        |       |       |       |     2 ||     2
Invok: Potion Petition   |       |       |       |     1 ||     1
  Use: Scroll            |       |     3 |     4 |     6 ||    13
       Potion            |       |       |       |     3 ||     3
Armor: Robe              |     4 |     4 |     5 |    33 ||    46
       Leather armour    |       |       |    23 |       ||    23
Dodge: Dodged            |    14 |     7 |    52 |   142 ||   215
Block: Buckler           |       |     3 |    34 |    55 ||    92

Table legend: (Time is in decaauts)
 A = Elapsed time spent in this place.
 B = Non-inter-level travel time spent in this place.
 C = Inter-level travel time spent in this place.
 D = Time resting spent in this place.
 E = Time spent auto-exploring this place.
 F = Levels seen in this place.
 G = Mean time per level.
                   A        B        C        D        E       F      G
               +--------+--------+--------+--------+--------+-----+--------+
         Total |  14361 |  13986 |    375 |   6287 |   5717 |  10 | 1436.1 |
       Dungeon |  14332 |  13969 |    363 |   6287 |   5717 |   9 | 1592.4 |
        Temple |     29 |     17 |     12 |      0 |      0 |   1 |   29.0 |
               +--------+--------+--------+--------+--------+-----+--------+

Top non-repeatable levels by time:
     D:9: 2318 daAuts
     D:7: 1990 daAuts
     D:1: 1907 daAuts
     D:8: 1777 daAuts
     D:6: 1539 daAuts
     D:2: 1538 daAuts
     D:5: 1364 daAuts
     D:3: 980 daAuts
     D:4: 915 daAuts
  Temple: 29 daAuts
